AoeStats
← E-d-d-i-e91G

MegaRandom

510265638Analyzed
2v2 RM · 3d ago on Sep 30, 2026· 23m 57s· 4 players
Game mode
Random Map
Map size
Medium (4 player)
Population
200
Speed
Normal
Resources
Standard
Victory
Conquest
Starting age
Dark Age
Ending age
Imperial Age
RankedLock teamsTeams togetherTeam positionsShared explorationLock speedFull tech treeHidden civsTurbo modeCheats
Victory
Defeat
🇦🇺 Goths · Australia
421
+17
🇦🇺 Shu · Australia
420
+17
🇩🇪 Britons · Germany
446
-17
🇩🇪 Persians · Germany
446
-17
E-d-d-i-e91G
13:20 Feudal Age
14:38 Double-Bit Axe
15:20 Man-at-Arms
15:51 Arson
15:53 Horse Collar
IAMASTROMAN9714
11:33 Feudal Age
13:55 Double-Bit Axe
16:55 Scale Mail Armor
17:01 Scale Barding Armor
16:48 Horse Collar
19:32 Forging
20:01 Man-at-Arms
21:28 Bloodlines
Niko7_1
12:21 Feudal Age
13:35 Wheelbarrow
14:37 Padded Archer Armor
14:31 Fletching
14:41 Double-Bit Axe
16:44 Man-at-Arms
20:02 Horse Collar
virtuose
1:13 Loom
12:29 Feudal Age
14:27 Double-Bit Axe
14:35 Gold Mining
18:55 Castle Age
17:26 Man-at-Arms
18:13 Padded Archer Armor
19:57 Crossbowman
23:06 Stone Mining
Connection lost

Rejoining the realm…

Still unreachable

The connection could not be restored.

Session expired

The server has moved on; the page needs a fresh start.